 Dungeon Crawl Stone Soup version 0.29-a0-321-gf1c400731a (webtiles) character file.

Game seed: 4755557826057514412

77 YayAnonymity the Shield-Bearer (level 4, 0/35 HPs)
             Began as a Formicid Fighter on Apr 4, 2022.
             Slain by a kobold
             ... wielding a +0 short sword
              (4 damage)
             ... on level 3 of the Dungeon.
             The game lasted 00:03:03 (1990 turns).

YayAnonymity the Shield-Bearer (Formicid Fighter)   Turns: 1990, Time: 00:03:04

Health: 0/35       AC: 11    Str: 22    XL:     4   Next: 60%
Magic:  4/4        EV: 10    Int:  8    God:
Gold:   46         SH:  4    Dex: 10    Spells: 3/3 levels left

rFire   . . .      SeeInvis +   a - +0 war axe
rCold   . . .      Faith    .   c - +0 buckler
rNeg    . . .      Spirit   .   l - +0 plate armour
rPois   .          Reflect  .   (helmet unavailable)
rElec   .          Harm     .   (no cloak)
rCorr   .          Rampage  .   (no gloves)
Will    .....                   (no boots)
Stlth   ..........              (no amulet)
HPRegen 0.11/turn               j - +4 ring of evasion
MPRegen 0.09/turn               (no ring)

@: lethally poisoned (0 -> -31)
A: permanent stasis, dig shafts and tunnels, antennae 3, four strong arms
a: Dig, Shaft Self


You were on level 3 of the Dungeon.
You visited 1 branch of the dungeon, and saw 3 of its levels.

You collected 46 gold pieces.

Inventory:

Hand Weapons
 a - a +0 war axe (weapon)
Missiles
 m - 2 boomerangs (quivered)
Armour
 c - a +0 buckler (worn)
 l - a +0 plate armour (worn)
Jewellery
 j - a +4 ring of evasion (left hand)
Scrolls
 b - a scroll of amnesia {unknown}
 e - a scroll of silence {unknown}
 f - a scroll of fear {unknown}
 h - a scroll of summoning {unknown}
 i - 2 scrolls of identify {unknown}
 k - a scroll of immolation {unknown}
Potions
 d - a potion of might
 g - 2 potions of degeneration {unknown}


   Skills:
 - Level 3.2 Fighting
 * Level 3.4 Axes
 + Level 3.9 Armour
 + Level 4.3 Shields


You had 3 spell levels left.
You didn't know any spells.
Your spell library contained the following spells:

 Spells                   Type           Power      Damage    Failure   Level
 Animate Skeleton         Necr           0%         N/A       100%        1
 Apportation              Tloc           0%         N/A       100%        1
 Pain                     Necr           0%         1d4       100%        1
 Summon Small Mammal      Summ           0%         N/A       100%        1
 Ensorcelled Hibernation  Hex/Ice        0%         N/A       100%        2
 Passwall                 Tmut/Erth      0%         N/A       100%        2
 Vampiric Draining        Necr           0%         2d6       100%        3
 Swiftness                Air            Unusable   N/A       N/A         3

Dungeon Overview and Level Annotations

Branches:
Dungeon (3/15)

Altars:


Innate Abilities, Weirdness & Mutations

You cannot be hasted, slowed, berserked, paralysed or teleported.
You can dig through walls and to a lower floor.
You have a pair of large antennae on your head. (SInv)
Your four strong arms can wield two-handed weapons with a shield.


Message History

There are monsters nearby!
The kobold shouts!
The kobold throws a stone.
The stone hits you but does no damage.
Found a chain mail.
The kobold throws a stone.
The stone hits you.
Throw: 2 boomerangs
Press: ? - help, Q - select action, (/) - cycle Shift-Dir - straight line, f - kobold
Aim: a kobold, wielding a +2 whip of venom and quivering stones (47% to hit)
You throw a boomerang. The boomerang barely misses the kobold.
The kobold throws a stone.
The stone hits you.
You hit the kobold but do no damage. The kobold hits you but does no damage.
The kobold throws a stone.
The stone hits you but does no damage. The kobold hits you but does no damage.
You closely miss the kobold. You barely miss the kobold.
You block the kobold's attack. The kobold barely misses you.
You barely miss the kobold. You closely miss the kobold.
The kobold hits you but does no damage. x2
You are poisoned.
The kobold hits you with a +0 short sword.
The kobold hits you but does no damage.
You are more poisoned.
You closely miss the kobold. x2
You feel very sick.
The kobold hits you with a +0 short sword.
The kobold hits you but does no damage.
You are lethally poisoned!
You closely miss the kobold. You barely miss the kobold.
You feel extremely sick. The kobold barely misses you.
The kobold hits you but does no damage.
You are too injured to fight recklessly!
You barely miss the kobold. You closely miss the kobold.
* * * LOW HITPOINT WARNING * * *
You feel very sick. The kobold hits you but does no damage.
The kobold hits you with a +2 whip of venom.
* * * LOW HITPOINT WARNING * * *
You are more poisoned.
The kobold hits you but does no damage.
You are more poisoned.
The kobold hits you with a +0 short sword.
You die...

##### . #...# ### ..
#.#.#######..# ..
###.#.......#...
..#.##...####.....#
.......### #.....#
.##.#.<..# #.....# #
#..#.# #...@K# #..#.#
#...K....... ....
...?...>.......
.....................
....####.#######.....[
.#### #[# ####+# .. #


You could see 2 kobolds.

Vanquished Creatures
  3 adders (D:2)
  2 worms (D:2)
  A dart slug (D:1)
  5 orcs (D:2)
  2 ball pythons (D:2)
  6 bats (D:2)
  6 endoplasms
  A giant cockroach (D:2)
  2 goblins
  3 hobgoblins
  2 quokkas (D:2)
  3 rats
36 creatures vanquished.

Notes
Turn   | Place    | Note
-------+----------+-------------------------------------------
     0 | D:1      | YayAnonymity the Formicid Fighter began the quest for the
                  | Orb.
     0 | D:1      | Reached XP level 1. HP: 18/18 MP: 1/1
   181 | D:1      | Reached XP level 2. HP: 24/24 MP: 2/2
   328 | D:1      | Found a faded altar of an unknown god.
   619 | D:2      | Reached skill level 4 in Shields
   619 | D:2      | Reached XP level 3. HP: 28/29 MP: 3/3
  1060 | D:2      | Reached XP level 4. HP: 27/35 MP: 4/4
  1990 | D:3      | Slain by a kobold

Illustrated notes

Levels and vault maps discovered:
D:1:      lemuel_arrival_funnel, layout_basic,
          shapermc_ecumenical_altar_starsandcircs
D:2:      layout_loops_cross
D:3:      layout_basic, uniq_ijyb

Skill      XL: |  1  2  3 |
---------------+----------+-----
Shields        | 4 |  4.3
Axes           | 3 |  3.4
Fighting       | |  3.2
Armour         | |  3.9

Action                   |  1- 3 |  4- 6 || total
-------------------------+-------+-------++-------
Melee: War axe           |    73 |    47 ||   120
Throw: Boomerang         |       |     1 ||     1
 Abil: Dig               |     1 |       ||     1
Armor: Scale mail        |    43 |     5 ||    48
       Plate armour      |       |    26 ||    26
Dodge: Dodged            |    31 |    40 ||    71
Block: Buckler           |    19 |    15 ||    34

Table legend: (Time is in decaauts)
 A = Elapsed time spent in this place.
 B = Non-inter-level travel time spent in this place.
 C = Inter-level travel time spent in this place.
 D = Time resting spent in this place.
 E = Time spent auto-exploring this place.
 F = Levels seen in this place.
 G = Mean time per level.
                   A        B        C        D        E       F      G
               +--------+--------+--------+--------+--------+-----+--------+
         Total |   2037 |   1968 |     69 |    219 |   1386 |   3 |  679.0 |
       Dungeon |   2037 |   1968 |     69 |    219 |   1386 |   3 |  679.0 |
               +--------+--------+--------+--------+--------+-----+--------+

Top non-repeatable levels by time:
     D:2: 1402 daAuts
     D:1: 517 daAuts
     D:3: 117 daAuts
